AoeStats
← REEE JUEGUITO

Arena

509951909Analyzed
1v1 RM · 4d ago on Sep 28, 2026· 22m 41s· 2 players
Game mode
Random Map
Map size
Tiny (2 player)
Population
200
Speed
Normal
Resources
Standard
Victory
Conquest
Starting age
Dark Age
Ending age
Imperial Age
RankedLock teamsTeams togetherTeam positionsShared explorationLock speedFull tech treeHidden civsTurbo modeCheats
Victory
Defeat
🇦🇷 Bulgarians · Argentina
1467
+13
🇺🇸 Italians · United States
1405
-13
SilverAflame
10:48 Feudal Age
14:26 Castle Age
12:34 Double-Bit Axe
13:00 Horse Collar
15:19 Wheelbarrow
17:22 Loom
REEE JUEGUITO
9:55 Feudal Age
8:10 Loom
14:28 Castle Age
13:00 Fletching
13:34 Town Watch
15:03 Bodkin Arrow
Connection lost

Rejoining the realm…

Still unreachable

The connection could not be restored.

Session expired

The server has moved on; the page needs a fresh start.